 Dungeon Crawl Stone Soup version 0.23.2-33-g5129a83184 (webtiles) character file.

Game seed: 5211104994750463184

107 Derp the Ducker (level 4, -7/34 HPs)
             Began as a Demonspawn Gladiator on July 24, 2019.
             Killed by nerve-wracking pain
             ... invoked by Grinder
              (11 damage)
             ... on level 3 of the Dungeon.
             The game lasted 00:03:48 (1713 turns).

Derp the Ducker (Demonspawn Gladiator)              Turns: 1713, Time: 00:03:49

Health: -7/34      AC:  3    Str: 14    XL:     4   Next: 57%
Magic:  4/4        EV: 13    Int:  9    God:
Gold:   115        SH:  0    Dex: 16    Spells: 3/3 levels left

rFire    . . .     SeeInvis .   g - +1 spear (flame)
rCold    . . .     Gourm    .   (no shield)
rNeg     . . .     Faith    .   b - +0 leather armour
rPois    .         Spirit   .   (helmet restricted)
rElec    .         Reflect  .   (no cloak)
rCorr    .         Harm     .   (no gloves)
MR       .....                  (no boots)
Stlth    ++........             (no amulet)
HPRegen  0.11/turn              (no ring)
MPRegen  0.09/turn              (no ring)

@: no status effects
A: claws 1, horns 1, talons 1
a: no special abilities


You were on level 3 of the Dungeon.
You were not hungry.

You visited 1 branch of the dungeon, and saw 3 of its levels.

You collected 115 gold pieces.

Inventory:

Hand Weapons
 a - a +0 long sword
 g - a +1 spear of flaming (weapon)
Missiles
 d - 3 throwing nets (quivered)
Armour
 b - a +0 leather armour (worn)
 c - a +0 helmet
Scrolls
 e - 2 scrolls of identify {unknown}
 h - a scroll of fear {unknown}
 i - a scroll of immolation {unknown}
 j - 5 scrolls of enchant armour {unknown}
 k - 2 scrolls of teleportation {unknown}
 n - a scroll of enchant weapon {unknown}
Potions
 l - a potion of haste {unknown}
 m - 3 potions of flight {unknown}
Comestibles
 f - 8 rations


   Skills:
 * Level 2.4 Fighting
 - Level 3.0 Long Blades
 * Level 1.7 Polearms
 - Level 1.8 Throwing
 * Level 1.4 Armour
 * Level 3.3 Dodging
 * Level 0.9 Stealth


You had 3 spell levels left.
You didn't know any spells.
Your spell library was empty.

Dungeon Overview and Level Annotations

Branches:
Dungeon (3/15)

Altars:

Annotations:
D:3 Grinder


Innate Abilities, Weirdness & Mutations

You have sharp fingernails.
You have a pair of small horns on your head.
You have sharp toenails.


Message History

Grinder says, "DUCK!"
Grinder hits you!
You writhe in agony.
You are too injured to fight recklessly!
You are too injured to fight recklessly!
You are too injured to fight recklessly!
You are too injured to fight recklessly!
You are too injured to fight recklessly!
You are too injured to fight recklessly!
You are too injured to fight recklessly!
You hit Grinder. You burn Grinder. Your kick misses Grinder.
Grinder is heavily wounded.
Grinder hits you!
* * * LOW HITPOINT WARNING * * *
You writhe in agony.
* * * LOW HITPOINT WARNING * * *
You hit Grinder but do no damage.
Grinder is heavily wounded.
Grinder gestures at you. Pain shoots through your body!
You die...

##################.#########.#
#...........# ###############
#.. #.# #.# #.# #5# #@# #.#
#(# #.# #.# #.# #.#
################.#
.................#


You could see Grinder.

Vanquished Creatures
  Natasha (twice) (D:2)
  An ooze (D:2)
  3 worms
  A dart slug (D:1)
  A ball python (D:2)
  4 bats (D:2)
  3 giant cockroaches
  5 goblins
  5 hobgoblins
  4 jackals (D:2)
  5 frilled lizards
  2 kobolds (D:1)
  7 rats
43 creatures vanquished.

Notes
Turn   | Place    | Note
-------+----------+-------------------------------------------
     0 | D:1      | Derp the Demonspawn Gladiator began the quest for the Orb.
     0 | D:1      | Reached XP level 1. HP: 16/16 MP: 1/1
   397 | D:1      | Gained mutation: You have a pair of small horns on your
                  | head. [demonic ancestry]
   397 | D:1      | Reached XP level 2. HP: 22/22 MP: 2/2
   886 | D:2      | Gained mutation: You have sharp fingernails. [demonic
                  | ancestry]
   886 | D:2      | Reached XP level 3. HP: 18/27 MP: 3/3
  1133 | D:2      | Reached skill level 1 in Armour
  1177 | D:2      | Noticed Natasha
  1186 | D:2      | Killed Natasha
  1186 | D:2      | Reached skill level 1 in Polearms
  1186 | D:2      | Gained mutation: You have sharp toenails. [demonic
                  | ancestry]
  1186 | D:2      | Reached XP level 4. HP: 24/33 MP: 4/4
  1195 | D:2      | Noticed Natasha
  1203 | D:2      | Killed Natasha
  1703 | D:3      | Noticed Grinder
  1713 | D:3      | Killed from afar by Grinder

Skill      XL: |  1  2  3 |
---------------+----------+-----
Long Blades    | 3 |  3.0
Dodging        | 3 |  3.3
Armour         | 1 |  1.4
Polearms       | 1 |  1.7
Fighting       | |  2.4
Throwing       | |  1.8
Stealth        | |  0.9

Action                   |  1- 3 |  4- 6 || total
-------------------------+-------+-------++-------
Melee: Long sword        |    19 |       ||    19
       Spear             |    74 |    35 ||   109
       Headbutt          |    10 |     3 ||    13
       Kick              |       |    10 ||    10
  Eat: Chunk             |       |     3 ||     3
Armor: Leather armour    |    24 |     1 ||    25
Dodge: Dodged            |    47 |    11 ||    58
       Rpst.: Long sword |     4 |       ||     4
